Description

new 3cc

Replay - TvZ 애씨드 플랜트 - 래더-[ryung]Cure vs [PSISTM]Ragnarok

Build Order

Get SALT Encoding   

  12  0:01  Drone  
  13  0:08  Drone  
  14  0:17  Overlord  
  14  0:22  Extractor  
  14  0:23  Drone  
  15  0:35  Drone x2  
  17  0:51  Hatchery  
  17  0:55  Drone x2  
  18  1:10  Extractor  
  17  1:14  Spawning Pool  
  17  1:17  Drone x2  
  18  1:27  Drone  
  19  1:38  Overlord  
  19  2:01  Zergling x4  
  19  2:02  Queen x2  
  26  2:10  Metabolic Boost  
  26  2:11  Zergling x2  
  30  2:39  Queen  
  30  2:43  Overlord  
  39  3:13  Overlord  
  44  3:29  Overlord, Hatchery  
  44  3:34  Queen  
  44  3:39  Queen  
  48  3:47  Zergling x8  
  57  4:09  Roach Warren  
  56  4:15  Lair  
  57  4:19  Extractor x2  
  61  4:39  Spore Crawler, Evolution Chamber x2  
  59  4:49  Roach x4  
  71  4:55  Extractor  
  74  5:13  Overseer  
  74  5:15  Zerg Ground Armor Level 1  
  74  5:26  Glial Reconstitution  
  84  5:36  Zerg Melee Weapons Level 1  
  86  5:43  Baneling Nest  
  89  5:57  Hatchery  
  89  6:00  Extractor  
  89  6:12  Zergling x6  
  98  6:24  Spire  
  94  6:42  Roach x5  
  108  6:49  Centrifical Hooks  
  108  6:51  Overseer  
  110  6:56  Overseer  
  114  7:04  Hatchery  
  112  7:13  Zerg Ground Armor Level 2  
  127  7:30  Zerg Melee Weapons Level 2  
  128  7:44  Corruptor x7  
  142  7:54  Zerg Flyer Weapons Level 1  
  142  8:15  Baneling x10  
  155  8:24  Infestation Pit  
  153  8:34  Hatchery  
  177  9:43  Roach  
Spawning Tool Build Advisor. Get it on Overwolf

Analysis

ezpz

Go to:

Details

  • Created by: foxersc   
  • Published on: Jul 01, 2018
  • Modified on: Jul 01, 2018
  • Patch: 4.0.0
Show
View Real Time Build Order
Export as new Build Order

Comments (0)

There are no comments. Be the first!

Create an account to comment!